Map: Ulrena

Players

FreedomTH - Winner!

  • Race: Zerg Zerg
  • League: Diamond

ILLBdA

  • Race: Protoss Protoss
  • League: Diamond

VOD

Have the link to the VOD?

Description

Time

  • Played on: Dec. 20, 2015, 10:11 a.m.
  • Length: 6:01
Show
View Real Time Build Order
Export as new Build Order

FreedomTH Zerg - Winner!

Build Orders: Pool First 

Get SALT Encoding   

  12  0:01  Drone  
  13  0:08  Drone  
  14  0:17  Overlord  
  14  0:24  Drone, Extractor  
  15  0:38  Spawning Pool  
  14  0:43  Extractor  
  14  0:44  Drone  
  14  0:48  Drone  
  15  0:52  Drone  
  16  1:19  Hatchery  
  15  1:30  Zergling x2  
  15  1:31  Zergling x4  
  18  1:43  Metabolic Boost  
  18  1:47  Zergling x2  
  19  1:56  Zergling x2  
  20  2:04  Spine Crawler  
  20  2:06  Zergling x2  
  20  2:13  Queen  
  23  2:29  Overlord x2  
  18  2:54  Zergling x4  
  20  3:04  Zergling x2  
  18  3:22  Zergling x4  
  20  3:28  Zergling x6  
  20  3:29  Queen  
  24  3:43  Hatchery  
  22  4:00  Zergling x6  
  25  4:02  Spine Crawler  
  25  4:04  Zergling x4  
  22  4:32  Zergling x6  
  23  4:41  Zergling x4  
  23  4:42  Zergling x2  
  22  4:54  Zergling x2  
  22  4:59  Zergling x4  
  25  5:05  Zergling x2  
  22  5:09  Zergling x6  
  21  5:28  Zergling x8  
Show
View Real Time Build Order
Export as new Build Order

ILLBdA Protoss 

Build Orders:  

Get SALT Encoding   

  12  0:00  Probe (Chrono Boost)  
  13  0:11  Probe (Chrono Boost)  
  14  0:22  Probe (Chrono Boost)  
  15  0:32  Pylon  
  15  0:50  Gateway, Probe (Chrono Boost)  
  15  0:54  Gateway  
  16  0:58  Assimilator  
  16  1:14  Pylon  
  16  1:26  Gateway  
  18  1:40  Cybernetics Core  
  18  1:42  Zealot (Chrono Boost)  
  18  1:43  Zealot (Chrono Boost)  
  22  2:10  Zealot (Chrono Boost)  
  22  2:15  Pylon  
  22  2:19  Stalker (Chrono Boost)  
  24  2:23  Mothership Core (Chrono Boost)  
  21  3:23  Stalker (Chrono Boost)  
  17  3:43  Zealot (Chrono Boost)  
  17  3:44  Zealot (Chrono Boost)  
  17  3:45  Probe (Chrono Boost)  
  22  3:53  Zealot  
  23  3:57  Probe (Chrono Boost)  
  24  4:08  Pylon  
  24  4:09  Zealot  
  26  4:20  Adept  
  26  4:36  Adept  
  26  4:38  Adept  
  27  4:54  Adept  
  27  5:10  Adept  
  25  5:26  Adept  
Tags
 
Matchup
PvZ
Opening
Pool First
Replay Pack
me
Add a new tag
Caveats
  • Supply blocks, unpowered buildings, or Contaminate may cause inaccurate times.
  • Supply counts are checked every 10 seconds.